 Dungeon Crawl Stone Soup version 0.21.1-1-g345015fe64 (webtiles) character file.

104 Mrkan the Insei (level 4, -5/29 HPs)
             Began as an Octopode Transmuter on May 8, 2018.
             Killed from afar by an orc wizard (6 damage)
             ... with a magic dart
             ... on level 3 of the Dungeon.
             The game lasted 00:03:40 (2240 turns).

Mrkan the Insei (Octopode Transmuter)               Turns: 2240, Time: 00:03:40

Health: -5/29      AC:  1    Str:  9    XL:     4   Next: 80%
Magic:  7/7        EV: 14    Int: 16    God:
Gold:   75         SH:  0    Dex: 12    Spells: 7/8 levels left

rFire    . . .     SeeInvis .     - Unarmed
rCold    . . .     Gourm    .   (no shield)
rNeg     . . .     Faith    .   (helmet restricted)
rPois    .         Spirit   .   (no amulet)
rElec    .         Reflect  .   (no ring)
rCorr    .         Harm     .   (no ring)
MR       .....                  (no ring)
Stlth    ++........             (no ring)
HPRegen  0.09/turn              (no ring)
MPRegen  0.10/turn              (no ring)
                                (no ring)
                                (no ring)

@: no status effects
A: almost no armour, stealthy swim, amphibious, 8 rings, constrict 8, camouflage
1, gelatinous body 1
a: no special abilities


You were on level 3 of the Dungeon.
You were not hungry.

You visited 1 branch of the dungeon, and saw 3 of its levels.

You collected 75 gold pieces.

Inventory:

Missiles
 a - 12 arrows
Jewellery
 f - a +4 ring of dexterity {unknown}
 g - a cursed ring of loudness {unknown}
 j - a +1 ring of slaying {unknown}
Scrolls
 e - 4 scrolls of identify {unknown}
 h - a scroll of enchant weapon {unknown}
Potions
 d - a potion of cancellation {unknown}
 i - a potion of ambrosia {unknown}
Books
 b - a book of Changes

   Spells                             Type                      Level
   a - Beastly Appendage              Transmutation                1
   b - Sticks to Snakes               Transmutation                2
   c - Spider Form                    Transmutation/Poison         3
   d - Ice Form                       Ice/Transmutation            4
   e - Blade Hands                    Transmutation                5
Comestibles
 c - 4 rations
 k - 3 chunks of flesh


   Skills:
 + Level 2.0 Fighting
 - Level 2.7 Dodging
 + Level 3.6 Unarmed Combat
 + Level 2.6 Spellcasting
 * Level 2.8 Transmutations


You had 7 spell levels left.
You knew the following spells:

 Your Spells              Type           Power        Failure   Level  Hunger
a - Beastly Appendage     Tmut           ##....       6%          1    #......


Dungeon Overview and Level Annotations

Branches:
Dungeon (3/15)

Altars:
Gozag


Innate Abilities, Weirdness & Mutations

You cannot wear most types of armour.
You are very stealthy in the water. (Stealth+)
You are amphibious.
You can wear up to eight rings at the same time.
You can use your tentacles to constrict eight enemies at once.
Your skin changes colour to match your surroundings (Stealth+).
Your rubbery body absorbs attacks. (AC +1, EV +1)


Message History

The orc wizard casts a cantrip, but nothing happens.
You tentacle-slap the orc wizard but do no damage.
The orc wizard is lightly wounded.
You constrict the orc wizard, but do no damage.
The bat closely misses you. Something hits you.
The orc wizard hits you with a dagger of protection.
* * * LOW HITPOINT WARNING * * *
You tentacle-slap the orc wizard but do no damage.
You squeeze the orc wizard, but do no damage.
The orc wizard is lightly wounded.
You constrict the orc wizard. The bat hits you.
* * * LOW HITPOINT WARNING * * *
The bat closely misses you.
The orc wizard hits you with a dagger of protection.
* * * LOW HITPOINT WARNING * * *
The orc closely misses you.
You hear some strange, mumbled words.
A magic dart appears from out of thin air!
The magic dart hits you!
You die...

#...# #...#
#...# #
.####...#####.#
.>?...........##
..........).....
........b....#
#####..$######
#.{@# #.oo#
#...# #...#
##.#. #. . .. ..
.# .# #. ..


You could see an orc wizard, an orc and a bat.

Vanquished Creatures
  A scorpion (D:2)
  2 adders (D:2)
  A gnoll (D:2)
  A leopard gecko (D:1)
  An orc (D:3)
  3 giant cockroaches
  5 goblins
  4 hobgoblins (D:2)
  3 bats
  2 frilled lizards
  2 kobolds (D:1)
  3 rats
28 creatures vanquished.

Notes
Turn   | Place    | Note
-------+----------+-------------------------------------------
     0 | D:1      | Mrkan the Octopode Transmuter began the quest for the Orb.
     0 | D:1      | Reached XP level 1. HP: 13/13 MP: 3/3
   376 | D:1      | Reached XP level 2. HP: 9/18 MP: 5/5
   985 | D:2      | Found an opulent altar of Gozag.
  1186 | D:2      | Reached XP level 3. HP: 18/23 MP: 6/6
  1529 | D:2      | Noticed a scorpion
  1540 | D:2      | Killed a scorpion
  1540 | D:2      | Reached XP level 4. HP: 14/29 MP: 7/7
  2240 | D:3      | HP: 1/29 [orc wizard/dagger of protection (6)]
  2240 | D:3      | Killed from afar by an orc wizard

Skill      XL: |  1  2  3  4 |
---------------+-------------+-----
Fighting       | 2 |  2.0
Dodging        | |  2.7
Unarmed Combat | |  3.6
Spellcasting   | |  2.6
Transmutations | |  2.8

Action                   |  1- 3 |  4- 6 || total
-------------------------+-------+-------++-------
Melee: Unarmed           |    60 |    27 ||    87
       Constrict         |    13 |     9 ||    22
       Punch             |     2 |     1 ||     3
       Tentacles         |     4 |     5 ||     9
 Stab: Sleeping          |     3 |       ||     3
  Eat: Chunk             |     1 |       ||     1
       Ration            |     1 |       ||     1
Armor: Skin              |     5 |     2 ||     7
Dodge: Dodged            |    38 |    41 ||    79
